[Event "*** Titled Tuesday Blitz"]
[Site "Chess.com"]
[Date "2020.04.28"]
[Round "3"]
[White "DACF2905"]
[Black "vanyakuba"]
[Result "1/2-1/2"]
[WhiteElo "2188"]
[BlackElo "2405"]
[TimeControl "180+1"]
[EndTime "10:30:43 PDT"]
[Termination "Game drawn - insufficient material"]

1. d4 d5 2. c4 e6 3. Nc3 c5 4.
cxd5 cxd4 5. Qxd4 Nc6 6. Qa4 exd5 7. e3 Nf6 8. Nf3 Bd6 9. Bd3 Bg4 10. Nd4 O-O 11. Nxc6 bxc6 12. Qxc6 d4 13. exd4 Re8+ 14. Be3 Rc8 15. Qa4 Bf4 16. O-O Bxe3 17. fxe3 Rxe3 18.
Ba6 Rb8 19. Rae1 Qe7 20. Rb1 Rb4 21. Qa3 Rxd4 22. Qxe7 Rxe7 23. h3 Bd7 24. Rfd1 Rb4 25. Nd5 Nxd5 26. Rxd5 g6 27. b3 Kg7 28. Rc1 Bf5 29. Rdc5 Rbe4 30. Kf2 h5 31. Rc7 Kf6 32. Rxe7 Rxe7 33. Rc6+ Ke5 34. Rc3 Kd4 35. Rc4+ Kd5 36.
Rc3 Be4 37. Re3 f5 38. Bc4+ Kd4 39. Re1 g5 40. g3 h4 41. gxh4 gxh4 42. Rd1+ Kc3 43.
Rg1 Kb2 44. a4 Bc2 45. Rg5 a5 46.
Rh5 Bxb3 47. Bxb3 Kxb3 48. Rxf5 Kxa4 49. Rf4+ Kb3 50. Rxh4 a4 51. Rh6 Rb7 52. Ra6 a3 53. h4 a2 54. Kg3 Kb2 55. Kg4 a1=Q 56. Rxa1 Kxa1 57. Kg5 Kb1 58. h5 Kc2 59. Kg6 Kd3 60. h6 Ke4 61. h7 Rb8 62. Kg7 Rb7+ 63. Kg8 Rb8+ 64. Kg7 Kf5 65. h8=Q Rxh8 66. Kxh8 1/2-1/2

[Event "*** Titled Tuesday Blitz"]
[Site "Chess.com"]
[Date "2020.04.28"]
[Round "3"]
[White "Jospem"]
[Black "djano"]
[Result "1-0"]
[WhiteElo "2837"]
[BlackElo "2458"]
[TimeControl "180+1"]
[EndTime "10:30:44 PDT"]
[Termination "Jospem won by resignation"]

1. c4 Nf6 2. Nc3 c6 3. e4 d6 4. d4 g6 5. Be2 Bg7 6. Nf3 O-O 7.
O-O e5 8. h3 Nbd7 9. Be3 exd4 10. Nxd4 Re8 11. Qc2 a5 12. Rad1 Qc7 13. Rfe1 Nc5 14.
Bf3 Nfd7 15. b3 Ne5 16. Be2 h5 17. f4 Ned7 18. Bf3 Nf6 19. Bf2 Ne6 20. Nde2 Bd7 21.
Qd2 Bf8 22. f5 Nc5 23. fxg6 fxg6 24. Nf4 Kh7 25. Nd3 Nxd3 26. Qxd3 Rad8 27. Bh4 Be7 28. Bg3 Bc8 29. Kh1 Qb6 30. Na4 Qa7 31. Rf1 Nd7 32. Bxh5 Ne5 33. Qe2 Be6 34. Bxe5 dxe5 35. Bg4 Bg8 36.
Qb2 Rd4 37. Rxd4 Qxd4 38. Qe2 Rd8 39. Rd1 Qxd1+ 40. Qxd1 Rxd1+ 41. Bxd1 b5 42. cxb5 cxb5 43. Nb2 Bc5 44. Be2 Bd4 45. Nd3 a4 46. Nb4 axb3 47. axb3 Bc3 48. Na2 b4 49. Nxc3 bxc3 50. Bd1 Kh6 51.
Kg1 Kg5 52. g3 Be6 53. h4+ Kf6 54. Kf2 Bd7 55. Ke3 Bb5 56. Bc2 Ke7 57. Bd3 Bd7 58.
Bc4 Kd6 59. Kd3 Kc5 60. Kxc3 Bc6 61. b4+ 1-0

[Event "*** Titled Tuesday Blitz"]
[Site "Chess.com"]
[Date "2020.04.28"]
[Round "3"]
[White "TerorPtica"]
[Black "WoolworthsManly"]
[Result "1-0"]
[WhiteElo "2977"]
[BlackElo "2654"]
[TimeControl "180+1"]
[EndTime "10:30:45 PDT"]
[Termination "TerorPtica won by resignation"]

1. d4 d5 2. c4 c6 3. cxd5 cxd5 4. Nc3 Nf6 5. Nf3 Nc6 6. Bf4 a6 7. Rc1 e6 8. e3 Be7 9. h3 O-O 10. Bd3 Bd7 11. O-O Rc8 12. Na4 Nb4 13. Rxc8 Qxc8 14.
Nb6 Qc6 15. Nxd7 Qxd7 16. Ne5 Qd8 17. Bb1 Nc6 18. Qc2 Nb4 19. Qb3 Nd7 20. Rc1 Nxe5 21. Bxe5 Nc6 22. Qxb7 Nxe5 23. dxe5 a5 24. a3 Bh4 25.
Rc7 Qg5 26. Rc8 g6 27. Rxf8+ Kxf8 28. Qa8+ Qd8 29. Qxd8+ Bxd8 30. Kf1 Ke7 31. Ke2 Kd7 32. Bc2 Kc7 33. Ba4 f6 34. exf6 Bxf6 35. b4 axb4 36. axb4 Bc3 37. b5 Kb6 38. Kd3 Bf6 39. f4 Bh4 40. g4 Bf6 41. e4 dxe4+ 42. Kxe4 Bg7 43. g5 Bh8 44. h4 Bg7 45. Bb3 Kxb5 46. Bxe6 Kc6 47.
Bg8 h6 48. Bh7 Kd6 49. Bxg6 Ke7 50. f5 hxg5 51. hxg5 Bh8 52. Bh5 Bg7 53. Bd1 Bh8 54. Bb3 Bg7 55. Kf4 Bd4 56. Kg4 Kf8 57. Bc4 Kg7 58. Kf4 Bb2 59. Bd3 Bc1+ 60. Kg4 Bb2 61. Bc2 Bc3 62. Bb3 Bb2 63. Ba4 Bc3 64. Be8 Bb2 65.
Bh5 Bc3 66. Kf3 Bd2 67. f6+ Kh7 68. Kg4 Kg8 69. Kf5 Bc3 70. g6 Kf8 71. Be2 1-0

[Event "*** Titled Tuesday Blitz"]
[Site "Chess.com"]
[Date "2020.04.28"]
[Round "3"]
[White "Hippotaner"]
[Black "CaspiIsrael"]
[Result "0-1"]
[WhiteElo "2251"]
[BlackElo "2629"]
[TimeControl "180+1"]
[EndTime "10:30:46 PDT"]
[Termination "CaspiIsrael won by resignation"]

1. e4 d5 2. exd5 Qxd5 3. Nc3 Qd6 4. Nf3 Nf6 5. d4 a6 6. Ne5 Nc6 7. Nxc6 Qxc6 8. Be3 Bg4 9. f3 Bf5 10. Bd3 Bxd3 11.
Qxd3 e6 12. O-O O-O-O 13. Ne4 Nd5 14. Bd2 f5 15. Ng5 Re8 16. c4 Nb6 17. b3 h6 18. Nf7 Rg8 19. Ne5 Qd6 20. c5 Qd5 21. cxb6 cxb6 22. Rfc1+ Kb8 23. Qc4 Qxc4 24. Rxc4 Rd8 25.
Bf4 Ka7 26. Be3 Rd5 27. Rac1 Bd6 28. Nf7 Ba3 29. R1c2 Rf8 30. Ne5 Bd6 31. Ng6 Rd8 32.
Nf4 Bxf4 33. Bxf4 Rxd4 34. Rxd4 Rxd4 35. Be5 Rd1+ 36. Kf2 g5 37. g4 fxg4 38. fxg4 Rd7 39. Re2 b5 40. Bb2 Kb6 41. Rxe6+ Kc5 42. Re2 a5 43.
Rc2+ Kb6 44. Ke3 Re7+ 45. Kd3 Rf7 46. Bd4+ Ka6 47. Be3 Rf3 48. Ke2 Rh3 49. Bg1 b4 50. Rc5 Rh4 51. Rc4 b6 52. Re4 Kb5 53. Re5+ Kc6 54.
Kf3 Rh3+ 55. Kg2 Rd3 56. Re6+ Kd5 57. Rxh6 Rd2+ 58. Bf2 Rxa2 59. h4 gxh4 60. g5 Ke5 61. Rxb6 h3+ 62. Kf3 h2 63. Rh6 Rb2 64. Rxh2 Kf5 65.
Rg2 Rxb3+ 66. Be3 Kg6 67. Kf4 a4 68. Rc2 Rc3 69. Rd2 Rc4+ 70. Bd4 a3 71. Ke5 b3 72. Kd5 Rxd4+ 73. Kxd4 b2 74. Rd1 a2 0-1

[Event "*** Titled Tuesday Blitz"]
[Site "Chess.com"]
[Date "2020.04.28"]
[Round "3"]
[White "KrolPawel92OnTwitch"]
[Black "Tesla37"]
[Result "1/2-1/2"]
[WhiteElo "2644"]
[BlackElo "2875"]
[TimeControl "180+1"]
[EndTime "10:30:48 PDT"]
[Termination "Game drawn by agreement"]

1. e4 c5 2. Nf3 e6 3. g3 Nc6 4. Bg2 Nf6 5. d3 d5 6. exd5 exd5 7. O-O h6 8. d4 Be6 9. Nbd2 c4 10. c3 Be7 11. Re1 O-O 12. Nf1 Re8 13. Bf4 Qb6 14. Qc2 Ne4 15. N3d2 Nf6 16. h3 Bf8 17. b4 a5 18. a3 g6 19. Ne3 Ne7 20. Rab1 axb4 21. Rxb4 Qa6 22. Reb1 Ra7 23. a4 Nf5 24. Rb6 Qxa4 25.
Qxa4 Rxa4 26. Rxb7 Ra2 27. Ndf1 Rea8 28. Be5 Ne4 29.
Bxe4 dxe4 30. d5 Nxe3 31. dxe6 Nxf1 32. exf7+ Kh7 33. Rxf1 R8a7 34. Rxa7 Rxa7 35. Re1 Rxf7 36. Rxe4 Re7 37. f3 g5 38. Kf2 Kg6 39. g4 Re6 40. Ke3 Bc5+ 41. Bd4 Rc6 42. Bxc5 Rxc5 43. Kd4 Rc8 44.
f4 gxf4 45. Rxf4 h5 46. gxh5+ Kxh5 47. Kd5 Kg5 48. Rxc4 Rd8+ 49. Kc5 Rh8 50. h4+ Kf6 51.
Kb6 Ke6 52. Re4+ Kd7 53. Rd4+ Kc8 54. c4 Rh6+ 55. Kb5 Kc7 56. c5 Rh5 57. Rg4 Rh6 58. Rg7+ Kc8 59. Rg4 Kc7 60. Rc4 Kc8 61. Rd4 Kc7 62.
Re4 Kc8 63. Rf4 Kc7 64. Rg4 Kc8 65. Rf4 Kc7 66. Re4 Kc8 67. Kc4 Kc7 68. Kd5 Rh5+ 69.
Kd4 Rh6 70. Ke3 Kc6 71. Rc4 Kd5 72. Rd4+ Kxc5 73. Rd3 Rxh4 74. Rd2 1/2-1/2

[Event "*** Titled Tuesday Blitz"]
[Site "Chess.com"]
[Date "2020.04.28"]
[Round "3"]
[White "Shoytan"]
[Black "Pechen_Yeltsina"]
[Result "1-0"]
[WhiteElo "2592"]
[BlackElo "2754"]
[TimeControl "180+1"]
[EndTime "10:30:48 PDT"]
[Termination "Shoytan won by checkmate"]

1. e4 g6 2. d4 Bg7 3. Nc3 d6 4. Nf3 a6 5. a4 b6 6. Bc4 e6 7.
Qe2 Bb7 8. O-O Nd7 9. h3 Ne7 10. Bf4 h6 11. Bd3 g5 12. Bh2 Nf6 13. e5 Nfd5 14. Nxd5 Nxd5 15. Be4 Bc6 16. c4 Ne7 17. d5 exd5 18. cxd5 Bb7 19. e6 f5 20. Ne5 O-O 21. Nf7 Rxf7 22. exf7+ Kxf7 23. Bf3 Qd7 24. Rfe1 Nxd5 25.
Qc4 c6 26. Bxd5+ cxd5 27. Qb4 f4 28. Qxb6 Bc6 29. Rac1 Rc8 30. Rc2 Bxa4 31. Rxc8 Qxc8 32. Qxd6 Qd7 33. Qxd7+ Bxd7 34. g3 fxg3 35. Bxg3 Bxb2 36.
h4 d4 37. hxg5 hxg5 38. Be5 Ba4 39. Re4 Bc2 40. Re2 d3 41. Rxc2 Bxe5 42. Rd2 Bc3 43. Rxd3 Bb4 44. Kg2 a5 45. Kf3 Kf6 46. Kg4 a4 47.
Rd4 Bc5 48. Rd8 a3 49. f3 Be7 50. Ra8 Ke6 51. Ra4 Ke5 52. Ra7 Ke6 53. Ra5 Kf7 54. Kf5 Kg7 55. Ra7 Kf8 56. Ke6 Bb4 57. Kf6 Ke8 58. Kxg5 Be7+ 59. Kf5 Kf7 60. f4 Ke8 61. Ke6 Bd8 62. Rxa3 Kf8 63. Ra8 Ke8 64. f5 Kf8 65. Rxd8+ Kg7 66. f6+ Kh7 67. f7 Kg6 68. f8=Q Kh7 69.
Qf7+ Kh6 70. Rd1 Kg5 71. Rg1+ Kh6 72. Qg7+ Kh5 73. Qg5# 1-0

[Event "*** Titled Tuesday Blitz"]
[Site "Chess.com"]
[Date "2020.04.28"]
[Round "3"]
[White "Kopytkin"]
[Black "Chessy222222"]
[Result "1-0"]
[WhiteElo "2387"]
[BlackElo "2109"]
[TimeControl "180+1"]
[EndTime "10:30:49 PDT"]
[Termination "Kopytkin won on time"]

1. d4 Nf6 2. Bf4 g6 3. e3 Bg7 4. Nf3 O-O 5. Nbd2 d6 6. Bc4 d5 7.
Bd3 Bf5 8. Bxf5 gxf5 9. O-O Nbd7 10. c4 c6 11. Qb3 Qb6 12. Rfc1 Rfc8 13. h3 e6 14. c5 Qxb3 15. axb3 a6 16. b4 Bf8 17. Nb3 Be7 18. Na5 Ra7 19. b5 cxb5 20. c6 bxc6 21.
Nxc6 Rxc6 22. Rxc6 a5 23. Ne5 Nxe5 24. Bxe5 h5 25.
Rc8+ Kh7 26. Rb8 Nd7 27. Rxb5 Nxe5 28. dxe5 a4 29. Rc1 a3 30. bxa3 Bxa3 31. Ra1 Kg7 32. Rb3 Bc5 33. Rxa7 Bxa7 34. Kf1 Bc5 35. Ke2 Kg6 36.
Rb7 Bf8 37. f4 Bc5 38. Kf3 h4 39. Rb8 Kg7 40. Rb3 Be7 41. Ke2 Bd8 42. Kd3 Be7 43. Kc3 Bd8 44. Kb4 Bb6 45. Kb5 Bd8 46. Kc6 Be7 47.
Kd7 Bc5 48. Ke8 Kg6 49. Rc3 Bb6 50. Ra3 d4 51. exd4 Bxd4 52. Rd3 Bb2 53. Rd7 Bc1 54.
Rxf7 Bxf4 55. Rf6+ Kg5 56. Rxe6 Be3 57. Kf7 Kf4 58.
Re8 Kg3 59. Rg8+ Kh2 60. e6 Bc5 61. e7 Bxe7 62. Kxe7 f4 63. Ke6 f3 64. gxf3 Kxh3 65. Kf5 Kh2 66. Kg4 h3 67. Rh8 1-0

[Event "*** Titled Tuesday Blitz"]
[Site "Chess.com"]
[Date "2020.04.28"]
[Round "3"]
[White "YuriyKrykun"]
[Black "hongnhung1234"]
[Result "1/2-1/2"]
[WhiteElo "2392"]
[BlackElo "2199"]
[TimeControl "180+1"]
[EndTime "10:30:50 PDT"]
[Termination "Game drawn by repetition"]

1. Nf3 f5 2. d3 Nf6 3. e4 d6 4.
exf5 Bxf5 5. d4 Nc6 6. Bd3 Bg4 7. c3 e5 8. dxe5 Nxe5 9. Be2 Nxf3+ 10. Bxf3 Bxf3 11. Qxf3 Qe7+ 12. Be3 O-O-O 13. O-O Qe4 14. Qxe4 Nxe4 15. Nd2 Nxd2 16. Bxd2 Be7 17. Rfe1 Bf6 18. Re2 Rhe8 19. Kf1 Kd7 20. Rae1 Rxe2 21. Rxe2 Kc6 22. Re4 d5 23. Re6+ Kb5 24. Ke2 c5 25. Kd3 b6 26.
b3 c4+ 27. Kc2 Rc8 28. g4 cxb3+ 29. axb3 Rc6 30. Rxc6 Kxc6 31. g5 Be7 32. h4 g6 33.
Kd3 Bc5 34. Be3 Bd6 35. c4 dxc4+ 36. Kxc4 b5+ 37. Kc3 a5 38. f4 Kd5 39. Kd3 Ke6 40. Ke4 a4 41. bxa4 bxa4 42. Bc1 Bc5 43. h5 a3 44. hxg6 hxg6 45. f5+ gxf5+ 46. Kf3 a2 47.
Bb2 Bd6 48. g6 Be5 49. Bxe5 Kxe5 50. g7 a1=Q 51. g8=Q Qf1+ 52. Ke3 f4+ 53. Kd2 Qf2+ 54. Kd1 Qd4+ 55. Ke2 Qe4+ 56. Kf2 Qe3+ 57. Kf1 Ke4 58. Qe6+ Kf3 59. Qd5+ Kg4 60. Qg8+ Kf5 61. Qf7+ Ke4 62.
Qe6+ Kd4 63. Qb6+ Kd3 64. Qb3+ Kd2 65. Qb2+ Kd1 66. Qb1+ Kd2 67. Qb2+ Kd3 68. Qb3+ Ke4 69. Qe6+ 1/2-1/2

[Event "*** Titled Tuesday Blitz"]
[Site "Chess.com"]
[Date "2020.04.28"]
[Round "3"]
[White "Two_Towers_Krakow"]
[Black "vohiraa"]
[Result "0-1"]
[WhiteElo "2466"]
[BlackElo "2150"]
[TimeControl "180+1"]
[EndTime "10:30:53 PDT"]
[Termination "vohiraa won by resignation"]

1. d4 d5 2. c4 c6 3. Nf3 Nf6 4. Qc2 dxc4 5. Qxc4 Bg4 6. Ne5 Be6 7.
Qd3 Nbd7 8. Nxd7 Qxd7 9. Nc3 Bf5 10. e4 Bg6 11. f3 Rd8 12. Be3 e5 13. Rd1 exd4 14.
Qxd4 Qxd4 15. Rxd4 Rxd4 16. Bxd4 a5 17. Bb6 Nd7 18.
Be3 Bc5 19. Kf2 Ke7 20. h4 h6 21. h5 Bh7 22. g3 Rd8 23. Bh3 Bxe3+ 24. Kxe3 Ne5 25.
Bf1 b5 26. Be2 f6 27. f4 Nd7 28. Rc1 Bg8 29. a3 Nb6 30. Nb1 Bc4 31. Bf3 Rd3+ 32.
Kf2 Rb3 33. Rc2 Bd3 34. Rxc6 Rxb2+ 35. Ke3 Nc4+ 36. Kxd3 Rxb1 37. a4 Rb3+ 38. Ke2 Nd6 39. axb5 Nxb5 40. Ra6 a4 41. Bg4 a3 42. e5 fxe5 43.
fxe5 a2 44. Be6 Nd4+ 45. Kd2 Nxe6 46. Rxa2 Rxg3 47. Ra7+ Kf8 48. Ke2 Rg5 49. Ra8+ Ke7 50. Ra7+ Ke8 51. Ra6 Rxe5+ 52. Kf3 Kf7 53. Ra7+ Kf6 54.
Ra4 Rxh5 55. Kg4 Rg5+ 56. Kh4 Rg1 57. Ra6 Rh1+ 58. Kg3 g6 59. Kf2 Rb1 60. Kg2 Rb2+ 61. Kf3 h5 62. Ke4 Rb4+ 63. Kd5 Rb5+ 64. Kd6 Re5 65. Ra4 g5 66. Ra8 g4 67. Ra1 Rg5 68. Rf1+ Kg6 69. Kxe6 g3 70. Rf6+ Kg7 71. Rf7+ Kg8 72.
Rf1 g2 73. Rg1 h4 74. Kf6 Rg3 75. Kf5 h3 76. Kf4 h2 77. Rd1 g1=Q 78. Rd8+ Kf7 79. Rd7+ Ke8 80. Rd2 Qf1+ 81. Kxg3 h1=Q 82. Rh2 Qfg1+ 83.
Kf4 Qhxh2+ 0-1

[Event "*** Titled Tuesday Blitz"]
[Site "Chess.com"]
[Date "2020.04.28"]
[Round "3"]
[White "Sibelephant"]
[Black "Evgeny81"]
[Result "1/2-1/2"]
[WhiteElo "3193"]
[BlackElo "2689"]
[TimeControl "180+1"]
[EndTime "10:30:57 PDT"]
[Termination "Game drawn by stalemate"]

1. d4 d5 2. Nf3 Nf6 3. e3 c5 4.
Nbd2 Nc6 5. c3 Bg4 6. h3 Bxf3 7. Nxf3 e6 8. Bd3 Bd6 9. O-O O-O 10. Qe2 e5 11.
dxc5 Bxc5 12. e4 dxe4 13. Bxe4 Nxe4 14. Qxe4 Qe7 15. Ng5 g6 16. Qh4 h5 17. Be3 Bxe3 18. fxe3 Rad8 19. Rf2 e4 20. Qf4 f5 21. Raf1 Ne5 22.
Qg3 Kg7 23. Kh1 h4 24. Qxh4 Rh8 25. Qg3 Rh5 26. Rxf5 gxf5 27. Rxf5 Ng6 28. Rf7+ Qxf7 29. Nxf7 Kxf7 30. Qc7+ Ke8 31. Qxb7 Rd2 32. Qxe4+ Ne5 33.
Qf4 Ke7 34. Kh2 Rxb2 35. h4 Ke6 36. Kh3 Rf5 37. Qa4 Rff2 38. Qe8+ Kd6 39. Qd8+ Ke6 40.
Qg8+ Kd6 41. h5 Rxg2 42. Qxg2 Rxg2 43. Kxg2 Ng4 44. Kf3 Nf6 45. h6 Ke5 46. c4 a5 47. a4 Kf5 48. c5 Ke5 49. c6 Kd6 50.
Kf4 Kxc6 51. Kf5 Nh7 52. Kg6 Nf8+ 53. Kg7 Ne6+ 54. Kf7 Ng5+ 55. Kg6 Ne6 56. e4 Kd6 57. Kf6 Nf8 58. e5+ Kd7 59. Kf7 Ne6 60. Kf6 Nf8 61.
e6+ Ke8 62. e7 Nh7+ 63. Ke6 Ng5+ 64. Kf6 Nh7+ 65. Kg6 Kxe7 66. Kxh7 Kf7 67. Kh8 Kf8 68. h7 Kf7 1/2-1/2

[Event "*** Titled Tuesday Blitz"]
[Site "Chess.com"]
[Date "2020.04.28"]
[Round "3"]
[White "dimke2802"]
[Black "Kobalia"]
[Result "1/2-1/2"]
[WhiteElo "2505"]
[BlackElo "2708"]
[TimeControl "180+1"]
[EndTime "10:30:58 PDT"]
[Termination "Game drawn - insufficient material"]

1. d4 d5 2. c4 c6 3. Nc3 dxc4 4.
e4 b5 5. a4 b4 6. Nb1 Nf6 7.
e5 Nd5 8. Bxc4 e6 9. Nf3 Be7 10. O-O Ba6 11. Nbd2 O-O 12. Qe2 Qb6 13. a5 Qb7 14.
Nb3 Bxc4 15. Qxc4 Na6 16. Bg5 Rac8 17. Bxe7 Nxe7 18. Ng5 c5 19. dxc5 Rcd8 20. Rad1 Rd5 21. Rxd5 Nxd5 22. Qe4 g6 23. h4 Qe7 24. Rc1 Rc8 25. c6 Nb8 26. Nd4 b3 27. Qg4 Nb4 28. Ne4 Nd3 29. Nf6+ Kh8 30. Qg5 Qf8 31. Rc3 Nb4 32.
h5 Nd5 33. hxg6 Nxc3 34. Nxh7 Qg7 35. gxf7 Qxg5 36. Nxg5 Na4 37. Ngxe6 Nxb2 38. f8=Q+ Rxf8 39. Nxf8 Nxc6 40. Nxb3 Nxe5 41. Ne6 Nbc4 42. Nc7 Nc6 43. Nb5 a6 44. Nc7 Nb4 45. Nc5 Nxa5 46. N7xa6 Nd5 47.
Nb8 Nc4 48. Nbd7 Kg7 49. Ne4 Kg6 50. Ndc5 Kf5 51. f3 Kf4 52. Kf2 Kf5 53. g3 Ne5 54.
Nd6+ Kf6 55. Nce4+ Ke6 56. Nb5 Nb4 57. Nd4+ Kf7 58.
Nf5 Nbd3+ 59. Kg2 Ne1+ 60. Kf2 N1xf3 61. Ne3 Nh2 62. Kg2 Nhg4 63. Nxg4 Nxg4 64. Kf3 Ne5+ 65. Kf4 Ng6+ 66. Kg5 Ne5 67. Kf5 Nf3 68. g4 Kg7 69.
Kf4 Nh4 70. Ng3 Ng6+ 71. Kg5 Ne5 72. Nh5+ Kf8 73. Kf5 Nxg4 1/2-1/2

[Event "*** Titled Tuesday Blitz"]
[Site "Chess.com"]
[Date "2020.04.28"]
[Round "3"]
[White "avantage_ru"]
[Black "Igor_Lysyj"]
[Result "1-0"]
[WhiteElo "2634"]
[BlackElo "2790"]
[TimeControl "180+1"]
[EndTime "10:30:59 PDT"]
[Termination "avantage_ru won by resignation"]

1. e4 e5 2. Nf3 Nc6 3. Bb5 a6 4.
Ba4 Nf6 5. O-O Bc5 6. Bxc6 dxc6 7. d3 Nd7 8. b3 O-O 9. Bb2 f6 10.
Nbd2 Re8 11. Nh4 Nf8 12. Nf5 Ng6 13. Kh1 Be6 14. Nc4 Qd7 15. Nce3 Ne7 16. Nxe7+ Rxe7 17. Qe2 Ree8 18. f4 exf4 19. Rxf4 Bd4 20. Bxd4 Qxd4 21.
Raf1 a5 22. g4 a4 23. Nf5 Qc3 24. R4f2 axb3 25. axb3 Ra1 26. Rxa1 Qxa1+ 27. Rf1 Qc3 28. Qg2 Ra8 29. Ne3 Qd4 30. Qf3 Qe5 31. Kg2 Ra2 32.
Rf2 Ra1 33. Qf4 Qxf4 34. Rxf4 h6 35. h4 b6 36. Rf2 c5 37. Kg3 Rg1+ 38. Rg2 Re1 39.
Kf4 Kf7 40. h5 Ra1 41. Rf2 Ke7 42. Rf1 Ra2 43. Rc1 Kf7 44. Nf5 Bxf5 45. gxf5 Ke7 46. Ke3 Kf7 47. Kd2 Ke7 48. Kc3 c6 49. Kc4 Kf7 50. Kc3 Ke7 51. Rb1 Kf7 52.
Rg1 Kf8 53. Rc1 Kf7 54. Kc4 Ke7 55. b4 Ra4 56. Rb1 Kf7 57. c3 cxb4 58. Rxb4 b5+ 59. Kb3 Ra1 60. c4 bxc4+ 61. Rxc4 Ra6 62. Rb4 Ra7 63. Kc4 Rd7 64. d4 Ra7 65. Kc5 Re7 66. d5 cxd5 67. exd5 Re1 68. Rb7+ Kf8 69. d6 Rc1+ 70.
Kd5 Rd1+ 71. Ke6 Re1+ 72. Kd7 Rf1 73. Kc8 Rc1+ 74. Rc7 Ra1 75. d7 Ra8+ 76. Kb7 Rd8 77. Rc8 Ke7 78. Rxd8 Kxd8 79. Kc6 1-0

[Event "*** Titled Tuesday Blitz"]
[Site "Chess.com"]
[Date "2020.04.28"]
[Round "3"]
[White "Ranindu2003"]
[Black "rynos0411"]
[Result "0-1"]
[WhiteElo "2534"]
[BlackElo "2366"]
[TimeControl "180+1"]
[EndTime "10:30:59 PDT"]
[Termination "rynos0411 won by checkmate"]

1. e4 e5 2. Nf3 Nc6 3. Bb5 a6 4.
Ba4 Nf6 5. O-O Be7 6. d3 b5 7.
Bb3 O-O 8. a4 Bb7 9. Nc3 b4 10.
Nd5 d6 11. c3 bxc3 12. bxc3 Na5 13. Nxe7+ Qxe7 14. Bg5 c5 15. Ba2 Rab8 16. Rb1 Bc6 17.
Nh4 Bd7 18. f4 Rxb1 19. Bxb1 h6 20. fxe5 hxg5 21. exf6 gxf6 22. Nf5 Bxf5 23. Rxf5 Kg7 24. h4 Rh8 25. hxg5 fxg5 26. Qg4 f6 27. Bc2 Nc6 28. Qg3 Rb8 29. Rd5 Ne5 30. d4 cxd4 31.
cxd4 Nf7 32. e5 dxe5 33. Qd3 e4 34. Qxe4 Qxe4 35. Bxe4 Rb4 36. Rd7 Kf8 37. a5 Rb5 38. Rd5 Rxd5 39. Bxd5 Nd6 40. Kf2 Ke7 41. Ke3 Kd8 42.
g4 Kc7 43. Bf3 Nc4+ 44. Ke4 Nxa5 45. Kf5 Nb3 46. Kxf6 Nxd4 47. Bd5 Kd6 48. Ba2 Nf3 49. Bc4 a5 50. Be2 Nd4 51. Bd1 Ne6 52. Bb3 Nd4 53. Bd1 Ne6 54. Bb3 Nc5 55. Ba2 Ne4+ 56. Kf5 Nc3 57. Bc4 a4 58. Kxg5 a3 59. Kf6 Kd7 60. g5 Ne4+ 61. Kf5 Nd6+ 62. Kf6 Nxc4 63. g6 a2 64. g7 a1=Q+ 65. Kf7 Qf1+ 66. Kg8 Ne5 67. Kh8 Qh3+ 68. Kg8 Qg4 69. Kh8 Qh5+ 70. Kg8 Ke6 71. Kf8 Qf7# 0-1

[Event "*** Titled Tuesday Blitz"]
[Site "Chess.com"]
[Date "2020.04.28"]
[Round "3"]
[White "Pittiplatsh"]
[Black "MITerryble"]
[Result "0-1"]
[WhiteElo "2463"]
[BlackElo "2870"]
[TimeControl "180+1"]
[EndTime "10:31:00 PDT"]
[Termination "MITerryble won on time"]

1. e4 g6 2. d4 Bg7 3. Nc3 c6 4. Nf3 d5 5. h3 Nh6 6. Bf4 f6 7. exd5 cxd5 8. Nb5 Na6 9. c4 Nf7 10. Nc3 e5 11. Be3 e4 12. Nd2 O-O 13. Nxd5 f5 14. g3 Nc7 15. Nxc7 Qxc7 16. c5 Rd8 17.
Nb3 Be6 18. Rc1 Ne5 19. Be2 Nc6 20. Bc4 Bxc4 21. Rxc4 Ne5 22. Rc3 Nd3+ 23. Rxd3 exd3 24. Qxd3 Qf7 25. O-O b6 26. Rc1 bxc5 27. Rxc5 Rac8 28. Rxc8 Rxc8 29. Nc5 Qxa2 30. b3 Qa5 31. Qc4+ Kh8 32.
Qe6 Qd8 33. d5 Qe8 34. d6 Qxe6 35. Nxe6 Rb8 36. d7 Bf6 37. Bxa7 Rb7 38. Bd4 Rxd7 39. Bxf6+ Kg8 40. Nf4 Rb7 41. h4 Rxb3 42. Kg2 Kf7 43. Bd4 Rb4 44. Be3 Ra4 45. Nh3 Kg7 46. h5 gxh5 47.
Nf4 Kh6 48. Ne6+ Kg6 49. Nf4+ Kg5 50. Ne6+ Kf6 51. Nf4 h4 52. gxh4 Ke5 53. Kf3 Ra3 54.
h5 Kf6 55. Kg3 Kg5 56. Kf3 Rb3 57. Kg3 Rb1 58. Kf3 Rh1 59. Kg2 Ra1 60. Kf3 Ra8 61.
Kg2 Rg8 62. Kf3 Re8 63. Bd2 Rd8 64. Be3 Rd7 65. Bc1 Rd1 66. Be3 Ra1 67. Bd4 Ra4 68. Be3 Rc4 69. Kg3 Ra4 70. Kf3 Kh4 71. Bd2 Ra3+ 72.
Be3 Rb3 73. Kg2 Kg4 74. f3+ Kg5 75. Bd2 Rb2 76. Nh3+ Kxh5 0-1

[Event "*** Titled Tuesday Blitz"]
[Site "Chess.com"]
[Date "2020.04.28"]
[Round "3"]
[White "Harsha_Bharathakoti"]
[Black "Xeslu"]
[Result "1-0"]
[WhiteElo "2735"]
[BlackElo "2343"]
[TimeControl "180+1"]
[EndTime "10:31:00 PDT"]
[Termination "Harsha_Bharathakoti won by resignation"]

1. e4 e5 2. Nf3 Nc6 3. Nc3 Nf6 4.
Bb5 Bb4 5. O-O O-O 6. d3 Bxc3 7. bxc3 d6 8. Bxc6 bxc6 9. h3 h6 10. Re1 c5 11. Nh4 Rb8 12. Qf3 Nh7 13. Qg3 Kh8 14. c4 Qf6 15. a3 Ng5 16. Bxg5 Qxg5 17. Qxg5 hxg5 18. Nf3 f6 19. Reb1 Bd7 20. Kf1 Ba4 21. Ne1 Kg8 22. Ke2 Kf7 23. Kd2 Ke6 24. Nf3 g6 25.
Kc1 Ke7 26. Rxb8 Rxb8 27. Rb1 Rb6 28. Nd2 Bd7 29. Rxb6 cxb6 30. Nf1 Be6 31. Kd2 Kd7 32.
Ne3 Kc6 33. Kc3 b5 34. cxb5+ Kxb5 35. Kb2 f5 36. c4+ Kc6 37. Kc3 Kb6 38. Nf1 Ka5 39. Nd2 g4 40. hxg4 fxg4 41. Nf1 Ka4 42. Kb2 Ka5 43. Ne3 Ka4 44. Nd1 Ka5 45. Nc3 Kb6 46. Kc1 a6 47. Ne2 Ka5 48. Kb2 Ka4 49. Ng3 Ka5 50. Nf1 Ka4 51. Nd2 Ka5 52. Nb1 Ka4 53. Nc3+ Ka5 54. Kc1 Kb6 55. Kd2 Kc6 56. Ke1 Kb6 57.
Kf1 Kc6 58. Kg1 Kb6 59. Kh2 g5 60. Kg3 Ka5 61. Kh2 Kb6 62. Kg1 Ka5 63. Kf1 Kb6 64.
Ke1 Ka5 65. Kd2 Kb6 66. Kc2 Ka5 67. Kb2 Kb6 68. Nb1 Ka5 69. Nd2 Kb6 70. f3 gxf3 71. Nxf3 g4 72. Nd2 Ka5 73. Nf1 Kb6 74. Ne3 Kc6 75. Nd1 Kb6 76. Nc3 Kc6 77. Kc1 Kb6 78.
Kd2 Kc6 79. Ke3 Kd7 80. Kf2 Ke7 81. Kg3 Kf6 82. Kh4 Kg6 83. Nd1 Kf7 84. Ne3 Ke7 85.
Nxg4 Kd7 86. Ne3 Kc6 87. Kg3 Kb6 88. Nd1 Ka5 89. Nc3 Bd7 90. Kf3 1-0

[Event "*** Titled Tuesday Blitz"]
[Site "Chess.com"]
[Date "2020.04.28"]
[Round "3"]
[White "Warerman"]
[Black "floplover"]
[Result "0-1"]
[WhiteElo "2442"]
[BlackElo "2244"]
[TimeControl "180+1"]
[EndTime "10:31:03 PDT"]
[Termination "floplover won on time"]

1. d4 Nf6 2. c4 e6 3. Nc3 Bb4 4.
e3 c5 5. Bd3 O-O 6. Nf3 d5 7.
O-O cxd4 8. exd4 dxc4 9. Bxc4 h6 10. Qb3 Nc6 11. Rd1 Bd6 12. Qc2 b6 13. h3 Bb7 14.
Qe2 Nb4 15. a3 Nbd5 16. Ne5 Nxc3 17. bxc3 Rc8 18. Bf4 Nd5 19. Bd2 Bxe5 20. dxe5 Qc7 21. Bxd5 Bxd5 22. Qg4 Qxe5 23. Bxh6 Rc4 24. Rd4 f5 25. Qg5 Rxd4 26. cxd4 Qxd4 27. Rc1 Qf6 28. Qxf6 Rxf6 29. Rc8+ Kh7 30. Bf4 Rf7 31. Be5 Rd7 32. g4 fxg4 33. hxg4 Be4 34. Kh2 Kg6 35. Kg3 Bd5 36.
f4 Be4 37. Kh4 Bd3 38. Rg8 Bc2 39. Bc3 a6 40. Be5 b5 41. Ra8 Bd3 42. Rxa6 Kf7 43. Ra8 Be4 44. Rb8 Bd3 45. Kg5 Be2 46. f5 exf5 47.
gxf5 Bd3 48. Rb6 Bc4 49. Kf4 Bd3 50. Kg5 Bc4 51. Rg6 Bd3 52. Rxg7+ Ke8 53. Rxd7 Kxd7 54.
f6 Ke8 55. Bc3 Kf7 56. Bb4 Bc2 0-1

[Event "*** Titled Tuesday Blitz"]
[Site "Chess.com"]
[Date "2020.04.28"]
[Round "3"]
[White "MatijaOlimpiakosIvic"]
[Black "suyu28"]
[Result "1/2-1/2"]
[WhiteElo "2767"]
[BlackElo "2602"]
[TimeControl "180+1"]
[EndTime "10:31:05 PDT"]
[Termination "Game drawn by stalemate"]

1. Nf3 d5 2. c4 c6 3. Qc2 Nf6 4. g3 g6 5. Bg2 Bg7 6. O-O O-O 7. b3 a5 8. a3 Bg4 9. Bb2 Nbd7 10. d3 e6 11. Nbd2 Re8 12. h3 Bxf3 13. Nxf3 e5 14.
Rac1 Qb6 15. e3 Rad8 16. Bc3 e4 17. dxe4 Nxe4 18. Bxg7 Kxg7 19. cxd5 cxd5 20. Rfd1 Ndf6 21. Qb2 Kg8 22. Nd4 h5 23. Qc2 Qd6 24. Nb5 Qd7 25. Nd4 Qe7 26. Qc7 Qxa3 27. Qxb7 Rb8 28. Qa6 Ra8 29.
Qc6 Rab8 30. Rc2 Qb4 31. Ra1 Kg7 32. Qc7 Rec8 33. Ne6+ Kg8 34. Qxc8+ Rxc8 35. Rxc8+ Kh7 36. Nd4 Qd2 37. Rc2 Qb4 38. Rac1 a4 39. bxa4 Qxa4 40.
Rc7 Qa2 41. R7c2 Qa3 42. Rc7 Qa2 43. R1c2 Qa1+ 44. Kh2 Ng5 45. f4 Nge4 46. Rxf7+ Kh6 47. Ne6 Qe1 48. Ng5 Qxg3+ 49. Kg1 Qxe3+ 50. Kh1 Qe1+ 51. Kh2 Qg3+ 52. Kg1 Nxg5 53. fxg5+ Qxg5 54. Rcc7 Qe3+ 55. Kh2 Qe5+ 56. Kh1 h4 57. Rce7 Qf4 58. Re6 Kg5 59.
Rexf6 Qxf6 60. Rxf6 Kxf6 61. Bxd5 Ke5 62. Bf7 Kf4 63.
Bxg6 Kg3 64. Bf5 Kf4 65. Bd7 Kg5 66. Kg2 Kh6 67. Kf3 Kg7 68. Kg4 Kh8 69. Kg5 Kg7 70.
Be6 Kh8 71. Kxh4 Kg7 72. Kg5 Kh8 73. h4 Kg7 74. h5 Kh8 75. h6 Kh7 76. Bf5+ Kh8 77.
Kf6 Kg8 78. Kg6 Kh8 79. h7 1/2-1/2